 Dungeon Crawl Stone Soup version 0.28.0-1-gb440e238dd (webtiles) character file.

Game seed: 17738125857282069001

56 croobank the Firebug (level 3, -6/26 HPs)
             Began as a Draconian Fire Elementalist on Feb 23, 2022.
             Mangled by a gnoll (10 damage)
             ... on level 2 of the Dungeon.
             The game lasted 00:05:16 (1305 turns).

croobank the Firebug (Draconian Fire Elementalist)  Turns: 1305, Time: 00:05:17

Health: -6/26      AC:  5    Str: 10    XL:     3   Next: 71%
Magic:  1/6        EV: 12    Int: 17    God:
Gold:   132        SH:  5    Dex: 11    Spells: 3/6 levels left

rFire   . . .      SeeInvis .   a - +0 flail
rCold   . . .      Faith    .   (no shield)
rNeg    . . .      Spirit   .   (armour unavailable)
rPois   .          Reflect  +   (helmet restricted)
rElec   .          Harm     .   (no cloak)
rCorr   .          Rampage  .   (no gloves)
Will    .....                   (no boots)
Stlth   ++........              f - amulet of reflection
HPRegen 0.08/turn               (no ring)
MPRegen 0.10/turn               (no ring)

@: no status effects
A: AC +5, unfitting armour, cold-blooded
a: no special abilities


You were on level 2 of the Dungeon.
You visited 1 branch of the dungeon, and saw 2 of its levels.

You collected 132 gold pieces.

Inventory:

Hand Weapons
 a - a +0 flail (weapon)
 b - a +0 hunting sling
 i - a +0 mace
 l - a +1 dagger of draining
Missiles
 d - 39 sling bullets
 e - 44 arrows
 g - 18 stones
 k - 5 poisoned darts
Jewellery
 f - an amulet of reflection (around neck)
Scrolls
 j - a scroll of torment {unknown}


   Skills:
 + Level 2.2 Dodging
 + Level 2.3 Stealth
 + Level 2.4 Spellcasting
 + Level 1.8 Conjurations
 + Level 3.3 Fire Magic


You had 3 spell levels left.
You knew the following spells:

 Your Spells              Type           Power      Damage    Failure   Level
a - Foxfire               Conj/Fire      40%        2x1d6     6%          1
b - Scorch                Fire           26%        2d6       7%          2

Your spell library contained the following spells:

 Spells                   Type           Power      Damage    Failure   Level
 Conjure Flame            Conj/Fire      10%        6-21      19%         3
 Inner Flame              Hex/Fire       7%         N/A       28%         3
 Flame Wave               Conj/Fire      10%        2d5       54%         4


Dungeon Overview and Level Annotations

Branches:
Dungeon (2/15)

Altars:

Annotations:
D:2 Sigmund


Innate Abilities, Weirdness & Mutations

Your plain brown scales are hard. (AC +5)
You cannot fit into any form of body armour.
You are cold-blooded and may be slowed by cold attacks.


Message History

Robin is attracted toward you.
Robin roars a battlecry!
The hobgoblin goes into a battle-frenzy!
Robin is attracted toward you.
Things that are here:
a +0 dagger; a quokka skeleton Robin is attracted toward you.
The gnoll is attracted toward you.
You feel less attractive to monsters.
Casting: Scorch (safe; 8% risk of failure)
Confirm with . or Enter, or press ? or * to list all spells.
Flames lash the hobgoblin.
You kill the hobgoblin!
You block the gnoll's attack.
Casting: Scorch (safe; 7% risk of failure)
Confirm with . or Enter, or press ? or * to list all spells.
Flames lash Robin.
Robin is severely wounded.
Robin's fire resistance burns away.
You block the gnoll's attack. Robin hits you but does no damage.
The gnoll hits you with a +0 spear.
You see here a hobgoblin corpse.
You hit the gnoll but do no damage. Robin misses you.
The gnoll hits you with a +0 spear.
* * * LOW HITPOINT WARNING * * *
The gnoll barely misses you. You block the gnoll's attack.
The gnoll hits you but does no damage.
There is an open door here.
Robin is no longer more vulnerable to fire.
You hit Robin.
Robin is almost dead.
Robin barely misses you. x2
Casting: Scorch (safe; 7% risk of failure)
Confirm with . or Enter, or press ? or * to list all spells.
Flames lash Robin.
You kill Robin!
You closely miss the gnoll.
The gnoll is moderately wounded.
The gnoll hits you with a +0 flail.
* * * LOW HITPOINT WARNING * * *
The gnoll hits you with a +0 flail!
You die...

#.#######.## #.# #.##
#.# #.##
####)#######...
#..........#.##
#..........#.## ######
#..........#...
#....####.†........####
#....'@gg..........# #
#....####..........# #
#....# #..........# #
#....# ############ #
#....# . #....# #
#....'....@. #
#....####### #....#


You could see 2 gnolls.

Vanquished Creatures
  Robin (D:2)
  A gnoll (D:2)
  A dart slug (D:1)
  2 ball pythons
  4 endoplasms
  9 goblins
  4 hobgoblins (D:2)
  3 kobolds (D:2)
  A quokka (D:2)
  A bat (D:1)
  3 frilled lizards
  A rat (D:1)
31 creatures vanquished.

Vanquished Creatures (others)
  32 foxfires
  3 plants (D:1)
  3 withered plants (D:1)
38 creatures vanquished.

Grand Total: 69 creatures vanquished

Notes
Turn   | Place    | Note
-------+----------+-------------------------------------------
     0 | D:1      | croobank the Draconian Fire Elementalist began the quest
                  | for the Orb.
     0 | D:1      | Reached XP level 1. HP: 14/14 MP: 3/3
   186 | D:1      | Reached XP level 2. HP: 20/20 MP: 3/5
   189 | D:1      | Learned a level 2 spell: Scorch
   510 | D:1      | Found a faded altar of an unknown god.
  1069 | D:2      | Noticed Sigmund
  1141 | D:2      | Noticed Robin
  1164 | D:2      | Reached XP level 3. HP: 23/26 MP: 0/6
  1304 | D:2      | Killed Robin
  1305 | D:2      | Mangled by a gnoll

Illustrated notes

Levels and vault maps discovered:
D:1:      minmay_arrival_radiant_lines, layout_loops_ring, serial_rivers,
          chequers_serial_rivers_micro_b, chequers_serial_rivers_micro_c,
          chequers_serial_rivers_small_b, chequers_serial_rivers_micro_a,
          chequers_serial_rivers_large_b, chequers_serial_rivers_marsh,
          shapermc_ecumenical_altar_flowoftime
D:2:      layout_basic, minmay_pentomino_v2, uniq_robin, uniq_sigmund

Skill      XL: |  1  2 |
---------------+-------+-----
Stealth        | 2 |  2.3
Dodging        | 2 |  2.2
Spellcasting   | |  2.4
Conjurations   | |  1.8
Fire Magic     | |  3.3

Action                   || total
-------------------------++-------
Melee: Tailslap          ||     9
       Mace              ||     3
       Unarmed           ||     1
       Flail             ||    41
 Cast: Foxfire           ||    21
       Scorch            ||     8
  Use: Potion            ||     2
Armor: Skin              ||    12
Dodge: Dodged            ||    35
Block: Other             ||    13
       Reflection        ||     2
